 Dungeon Crawl Stone Soup version 0.30-a0-7-g94fe547ab8 (webtiles) character file.

Game seed: 13632315826930899912

28 Nedwor the Cutter (level 3, -1/28 HPs)
             Began as a Demonspawn Gladiator on Aug 23, 2022.
             Frozen to death by an endoplasm (4 damage)
             ... on level 2 of the Dungeon.
             The game lasted 00:02:11 (1179 turns).

Nedwor the Cutter (Demonspawn Gladiator)            Turns: 1179, Time: 00:02:13

Health: -1/28      AC: 14    Str: 16    XL:     3   Next: 0%
Magic:  3/3        EV: 12    Int:  9    God:
Gold:   42         SH:  0    Dex: 14    Spells: 2/2 levels left

rFire   . . .      SeeInvis .    e - +2 dagger (protect)
rCold   . . .      Faith    .    (no shield)
rNeg    . . .      Spirit   .    b - +0 leather armour
rPois   .          Reflect  .    c - +0 helmet
rElec   .          Harm     .    (no cloak)
rCorr   .          Rampage  .    (no gloves)
Will    .....                    (no boots)
Stlth   +.........               (no amulet)
HPRegen 0.09/turn                (no ring)
MPRegen 0.08/turn                (no ring)

@: under a protective aura
A: molten scales 2
a: no special abilities


You were on level 2 of the Dungeon.
You visited 1 branch of the dungeon, and saw 2 of its levels.

You collected 42 gold pieces.

Inventory:

Hand Weapons
 e - a +2 dagger of protection (weapon)
Armour
 b - a +0 leather armour (worn)
 c - a +0 helmet (worn)
Scrolls
 a - a scroll of fear {unknown}
 f - a scroll of teleportation


   Skills:
 + Level 2.3 Fighting
 * Level 3.1 Short Blades
 - Level 1.7 Throwing
 + Level 0.8 Armour
 + Level 2.9 Dodging


You had 2 spell levels left.
You didn't know any spells.
Your spell library was empty.

Dungeon Overview and Level Annotations

Branches:
Dungeon (2/15)

Altars:

Annotations:
D:2 Natasha


Innate Abilities, Weirdness & Mutations

You are mostly covered in molten scales. (AC +3)


Message History

You have reached level 3!
Your experience leads to an increase in your attributes!
Increase (S)trength, (I)ntelligence, or (D)exterity?
You feel stronger. x2; Your demonic ancestry asserts itself...
Molten scales spread over more of your body.
The crimson imp attacks as you move away!
The crimson imp hits you.
The crimson imp blinks!
Natasha attacks as you move away! Natasha barely misses you.
Natasha attacks as you move away! Natasha claws you.
The hobgoblin shouts!
Natasha closely misses you. Natasha attacks as you move away!
Natasha claws you.
Natasha casts a spell.
The crimson imp shouts, "Face thy requiem, thou rough-hewn toad-spotted cross-patch!"
The crimson imp blinks!
Natasha claws you!
You closely miss Natasha.
The crimson imp laughs crazily.
Natasha stares at you and mumbles some strange words.
You resist with significant effort. The endoplasm hits you.
The hobgoblin hits you.
* * * LOW HITPOINT WARNING * * *
You hit Natasha.
Your weapon exudes an aura of protection.
Natasha is lightly wounded.
The endoplasm attacks as you move away!
The endoplasm hits you but does no damage.
A ball python comes into view.
The ball python hisses angrily.
The crimson imp blinks!
You hit the hobgoblin.
The hobgoblin is almost dead.
The hobgoblin hits you.
* * * LOW HITPOINT WARNING * * *
You closely miss the hobgoblin.
The hobgoblin is almost dead.
A giant cockroach comes into view.
The hobgoblin closely misses you. The endoplasm freezes you.
You are frozen.
You die...

#.....# ##.....##
....... # ..... .##
... ... ## #.# ..
##.###5####B#.##
#....§h5g@.....#
#....#.#.#g#J$....S..
.#.......<.#.##.#...#
..5#.#.###.# ....##
#...#..... ..# #.#
##..##.####..# .# ...
## #..# # #. #..#


You could see Natasha, a crimson imp (summoned), a white imp (summoned), an
endoplasm, a giant cockroach (wandering), a hobgoblin, a goblin and a ball
python.

Vanquished Creatures
  2 dart slugs (D:1)
  2 bats
  5 endoplasms (D:1)
  3 goblins (D:1)
  3 hobgoblins (D:1)
  3 ball pythons (D:1)
  A frilled lizard (D:1)
  2 kobolds (D:1)
  A rat (D:1)
22 creatures vanquished.

Notes
Turn   | Place    | Note
-------+----------+-------------------------------------------
     0 | D:1      | Nedwor the Demonspawn Gladiator began the quest for the
                  | Orb.
     0 | D:1      | Reached XP level 1. HP: 16/16 MP: 1/1
   186 | D:1      | Gained mutation: You are partially covered in molten
                  | scales. (AC +2) [demonic ancestry]
   186 | D:1      | Reached XP level 2. HP: 21/22 MP: 2/2
   298 | D:1      | Reached skill level 3 in Short Blades
  1158 | D:2      | Noticed Natasha
  1164 | D:2      | Noticed a crimson imp
  1166 | D:2      | Noticed a crimson imp
  1168 | D:2      | Gained mutation: You are mostly covered in molten scales.
                  | (AC +3) [demonic ancestry]
  1168 | D:2      | Reached XP level 3. HP: 23/28 MP: 3/3
  1179 | D:2      | Frozen to death by an endoplasm

Illustrated notes

Levels and vault maps discovered:
D:1:      lightli_arrival_windingriver, layout_loops_ring,
          chequers_serial_rivers_room_b
D:2:      kennysheep_big_flooded_room, layout_loops_ring,
          uniq_crazy_yiuf_cottage, uniq_natasha, uniq_terence

Skill      XL: |  1  2 |
---------------+-------+-----
Short Blades   | 3 |  3.1
Fighting       | |  2.3
Throwing       | |  1.7
Armour         | |  0.8
Dodging        | |  2.9

Action                   || total
-------------------------++-------
Melee: Rapier            ||    11
       Dagger            ||    66
       Punch             ||     1
  Use: Scroll            ||     4
 Stab: Sleeping          ||     2
Armor: Leather armour    ||    24
Dodge: Dodged            ||    44

Table legend: (Time is in decaauts)
 A = Elapsed time spent in this place.
 B = Non-inter-level travel time spent in this place.
 C = Inter-level travel time spent in this place.
 D = Time resting spent in this place.
 E = Time spent auto-exploring this place.
 F = Levels seen in this place.
 G = Mean time per level.
                   A        B        C        D        E       F      G
               +--------+--------+--------+--------+--------+-----+--------+
         Total |   1171 |   1123 |     48 |    172 |    787 |   2 |  585.5 |
       Dungeon |   1171 |   1123 |     48 |    172 |    787 |   2 |  585.5 |
               +--------+--------+--------+--------+--------+-----+--------+

Top non-repeatable levels by time:
     D:1: 1151 daAuts
     D:2: 19 daAuts
